 Dungeon Crawl Stone Soup version 0.24-a0-358-g53aee78b01 (webtiles) character file.

Game seed: 17661876527493405394

220 HAL9000 the Cutter (level 5, -1/26 HPs)
             Began as a Vine Stalker Assassin on May 25, 2019.
             Slain by Natasha (2 damage)
             ... on level 3 of the Dungeon.
             The game lasted 00:02:46 (2093 turns).

HAL9000 the Cutter (Vine Stalker Assassin)          Turns: 2093, Time: 00:02:46

Health: -1/26      AC:  4    Str: 15    XL:     5   Next: 97%
Magic:  0/6        EV: 11    Int: 11    God:
Gold:   180        SH:  0    Dex: 15    Spells: 4/4 levels left

rFire    . . .     SeeInvis .   o - +2 dagger (venom)
rCold    . . .     Gourm    .   (no shield)
rNeg     . . .     Faith    .   j - +0 leather armour
rPois    .         Spirit   +   (no helmet)
rElec    .         Reflect  .   c - +0 cloak
rCorr    .         Harm     .   (no gloves)
MR       .....                  (no boots)
Stlth    +++.......             (no amulet)
HPRegen  0.48/turn              (no ring)
MPRegen  0.10/turn              (no ring)

@: no status effects
A: fangs 2, regeneration 1, magic shield, antimagic bite, no potion heal 3, rot
immunity
a: no special abilities


You were on level 3 of the Dungeon.
You were not hungry.

You visited 1 branch of the dungeon, and saw 3 of its levels.

You collected 180 gold pieces.

Inventory:

Hand Weapons
 a - a +2 dagger
 o - a +2 dagger of venom (weapon)
Missiles
 d - 8 poisoned darts (quivered)
 e - 2 curare-tipped darts
 p - 8 javelins
Armour
 c - a +0 cloak (worn)
 j - a +0 leather armour (worn)
Scrolls
 g - a scroll of fog {unknown}
 i - a scroll of remove curse {unknown}
 n - a scroll of teleportation {unknown}
Potions
 h - a potion of curing {unknown}
 k - 3 potions of haste
 l - a potion of berserk rage
 q - a potion of brilliance
 r - 2 potions of heal wounds {unknown}
 s - a potion of degeneration {unknown}
Comestibles
 f - 9 rations


   Skills:
 - Level 1.7 Fighting
 + Level 5.4 Short Blades
 - Level 1.7 Throwing
 - Level 0.7 Dodging
 - Level 4.8 Stealth


You had 4 spell levels left.
You didn't know any spells.
Your spell library was empty.

Dungeon Overview and Level Annotations

Branches:
Dungeon (3/15)

Altars:

Annotations:
D:3 Natasha


Innate Abilities, Weirdness & Mutations

You have extremely sharp teeth.
Your natural rate of healing is unusually fast.
When hurt, damage is shared between your health and your magic reserves.
Your bite disrupts and absorbs the magic of your enemies.
Potions cannot restore your health.
You are immune to rotting.


Message History

You barely miss Natasha. You bite Natasha, but do no damage.
Natasha is lightly wounded.
Natasha claws you. The white imp hits you. The white imp freezes you.
You closely miss Natasha. Your bite misses Natasha.
Natasha is moderately wounded.
Natasha claws you!
* * * LOW HITPOINT WARNING * * *
You closely miss Natasha.
Natasha is moderately wounded.
The white imp gestures at you. The puff of frost misses you. Natasha claws you.
* * * LOW HITPOINT WARNING * * *
You closely miss Natasha. You bite Natasha.
Natasha's magic leaks into the air.
You drain her magic.
You feel invigorated.
Natasha is severely wounded.
Natasha howls an incantation.
Natasha glows brightly for a moment.
Natasha claws you.
You die...

########.# #........#
#........# #........#
#.......รท# #.....<..#
### #....#[### #.#
#....#...####.# ..
#.....5@......# .#
#.....h#.####.# h#
#........####.#######.#
.............5h....>....#
###..#...######5###.##..#
#).##########.###.###.##
... ...........h.5....
##. #####$...$..#.#...
#.#.###.#.##.#


You could see Natasha and a white imp.

Vanquished Creatures
  A centaur (D:2)
  Ijyb (D:3)
  Natasha (D:3)
  3 adders (D:2)
  An ooze (D:2)
  3 worms (D:2)
  A dart slug (D:1)
  7 bats
  2 giant cockroaches (D:2)
  3 goblins
  3 hobgoblins
  5 jackals
  A quokka (D:2)
  2 frilled lizards (D:1)
  7 kobolds
  6 rats
47 creatures vanquished.

Notes
Turn   | Place    | Note
-------+----------+-------------------------------------------
     0 | D:1      | HAL9000 the Vine Stalker Assassin began the quest for the
                  | Orb.
     0 | D:1      | Reached XP level 1. HP: 11/11 MP: 2/2
   112 | D:1      | Reached skill level 2 in Short Blades
   139 | D:1      | Reached XP level 2. HP: 9/15 MP: 3/3
   561 | D:1      | Reached skill level 3 in Short Blades
   914 | D:1      | Reached XP level 3. HP: 18/18 MP: 4/4
  1053 | D:2      | Noticed a centaur
  1067 | D:2      | Killed a centaur
  1067 | D:2      | Reached skill level 4 in Short Blades
  1067 | D:2      | Gained mutation: Your natural rate of healing is unusually
                  | fast. [Vine Stalker growth]
  1067 | D:2      | Reached XP level 4. HP: 15/23 MP: 3/5
  1159 | D:2      | Reached XP level 5. HP: 24/26 MP: 4/6
  1463 | D:2      | Reached skill level 5 in Short Blades
  1979 | D:3      | Noticed Natasha
  1981 | D:3      | Killed Natasha
  2004 | D:3      | Noticed Ijyb
  2008 | D:3      | Noticed Natasha
  2035 | D:3      | Killed Ijyb
  2092 | D:3      | HP: 1/26 [Natasha (5)]
  2093 | D:3      | Slain by Natasha

Levels and vault maps discovered:
D:1:      dpeg_arrival_round_c, layout_basic
D:2:      layout_basic, first_ration, minmay_randomly_rotated_circles
D:3:      layout_basic, chequers_temple_overflow_statue_of_worship, uniq_ijyb,
          uniq_natasha, uniq_terence, uniq_jessica

Skill      XL: |  1  2  3  4  5 |
---------------+----------------+-----
Short Blades   | 2 3 4 5 |  5.4
Fighting       | |  1.7
Throwing       | |  1.7
Dodging        | |  0.7
Stealth        | |  4.8

Action                   |  1- 3 |  4- 6 || total
-------------------------+-------+-------++-------
Melee: Dagger            |    61 |    72 ||   133
       Bite              |     7 |    23 ||    30
  Use: Scroll            |       |     3 ||     3
 Stab: Sleeping          |     6 |     5 ||    11
  Eat: Chunk             |       |     4 ||     4
Armor: Robe              |     9 |       ||     9
       Leather armour    |    17 |    17 ||    34
Dodge: Dodged            |    44 |    25 ||    69

Table legend:
 A = Non-vault XP
 B = Vault XP
 C = Vault XP percentage of total XP
 D = Non-vault monster count
 E = Vault monster count
 F = Vault count percentage of total count
                 A         B        C        D         E       F
            +---------+---------+-------+---------+---------+-------
      Total |     229 |      86 |  27.3 |      39 |       8 |  17.0
            +---------+---------+-------+---------+---------+-------
        D:1 |      34 |       0 |   0.0 |      21 |       0 |   0.0
        D:2 |     192 |      15 |   7.2 |      16 |       6 |  27.3
        D:3 |       3 |      71 |  95.9 |       2 |       2 |  50.0
            +---------+---------+-------+---------+---------+-------
